 Dungeon Crawl Stone Soup version 0.31-a0-185-g9dded2c639 (webtiles) character file.

Game seed: 509274229112568728

520 qw the Skirmisher (level 7, -3/40 HPs)
             Began as a Deep Elf Hunter on June 22, 2023.
             Shot with an arrow by a centaur (5 damage)
             ... on level 4 of the Dungeon.
             The game lasted 00:01:32 (2956 turns).

qw the Skirmisher (Deep Elf Hunter)                 Turns: 2956, Time: 00:01:33

Health: -3/40      AC:  6    Str: 16    XL:     7   Next: 1%
Magic:  9/9        EV: 12    Int: 14    God:
Gold:   281        SH:  0    Dex: 18    Spells: 6/6 levels left

rFire   . . .        Y - +0 shortbow
rCold   . . .        (shield currently unavailable)
rNeg    . . .        e - +0 ring mail
rPois   .            (no helmet)
rElec   .            (no cloak)
rCorr   .            a - +0 pair of gloves
SInv    .            (no boots)
Will    .....        (no amulet)
Stlth   +            d - +6 ring of strength
HPRegen 0.26/turn    (no ring)
MPRegen 0.11/turn

%: no passive effects
@: about to teleport
A: no striking features
a: no special abilities


You were on level 4 of the Dungeon.
You visited 1 branch of the dungeon, and saw 4 of its levels.
You also visited: Sewer.

You collected 281 gold pieces.


   Skills:
 - Level 2.0 Fighting
 + Level 10.7 Ranged Weapons
 - Level 3.0 Dodging
 - Level 1.2 Stealth


You had 6 spell levels left.
You didn't know any spells.
Your spell library was empty.

Inventory:

Hand Weapons
 Y - a +0 shortbow (weapon)
Armour
 a - a +0 pair of gloves (worn)
 e - a +0 ring mail (worn)
Jewellery
 d - a +6 ring of strength (left hand)
Scrolls
 b - 2 scrolls of teleportation
 f - a scroll of identify
Potions
 c - 2 potions of mutation
 g - a potion of ambrosia {unknown}
 h - a potion of brilliance {unknown}
 i - a potion of heal wounds {unknown}
 j - 5 potions of enlightenment
 k - a potion of curing {unknown}

Dungeon Overview and Level Annotations

Branches:
Dungeon (4/15)              Sewer (visited)
 Temple: D:4-7

Altars:
Makhleb
Qazlal
Xom
Zin
The Shining One


Message History

Enter note:
Enter note:
Enter note:
Enter note:
Enter note: Done exploring.
(D) Dungeon
Where to? (* - list waypoints, Enter - D:3 @ (x,y), ? - help)
What level of the Dungeon? (default 1, ? - help)
There is a stone staircase leading down here.
You climb downwards.
Found a short sword.
Found a stone staircase leading down.
There is a stone staircase leading up here.
Waypoint 4 assigned to D:4.
A centaur comes into view.
The centaur wields a +0 orcbow.
The centaur shoots an arrow.
The arrow hits you!
You shoot an arrow. The arrow closely misses the centaur.
The centaur shoots an arrow.
The arrow hits you.
You shoot an arrow. The arrow hits the centaur!
The centaur is heavily wounded.
The centaur shoots an arrow.
The arrow misses you.
The centaur shoots an arrow.
The arrow hits you!
A dart slug comes into view.
You shoot an arrow. The arrow hits the dart slug!
The dart slug is almost dead.
The centaur shoots an arrow.
The arrow barely misses you.
You shoot an arrow. The arrow hits the dart slug.
You kill the dart slug!
The centaur shoots an arrow.
The arrow misses you.
The centaur shoots an arrow.
The arrow closely misses you.
You shoot an arrow. The arrow barely misses the centaur.
The centaur shoots an arrow.
The arrow hits you!
You shoot an arrow. The arrow barely misses the centaur.
The centaur shoots an arrow.
The arrow hits you!
2956 ||| READING 3 scrolls of teleportation.
As you read the scroll of teleportation, it crumbles to dust.
You feel strangely unstable.
The centaur shoots an arrow.
The arrow barely misses you.
The centaur shoots an arrow.
The arrow hits you.
You die...

... ##.. ##..
#.... .#..
.>...## ....
#...... .).
##...#. ..#
.......##..#.##
##.....@.......
#......<###.#.c
.......##
....... .......
......# ......
...... ..#...


You could see a centaur.

Vanquished Creatures
  A dream sheep (D:3)
  A crimson imp (D:3)
  2 orc priests (D:3)
  Natasha (D:2)
  An iguana (D:3)
  4 gnolls (D:3)
  4 river rats (Sewer)
  7 adders
  3 worms (Sewer)
  3 dart slugs
  6 orcs (D:3)
  5 endoplasms
  7 giant cockroaches
  8 goblins
  9 hobgoblins
  2 jackals (Sewer)
  4 quokkas
  12 ball pythons
  13 bats
  7 frilled lizards
  A goblin skeleton (D:3)
  2 hobgoblin zombies (D:3)
  5 kobolds
  2 kobold skeletons (D:3)
  An orc skeleton (D:3)
  An orc zombie (D:3)
  A rat (D:3)
113 creatures vanquished.

Vanquished Creatures (others)
  4 dream sheep (D:3)
4 creatures vanquished.

Grand Total: 117 creatures vanquished

Notes
Turn   | Place    | Note
-------+----------+-------------------------------------------
     0 | D:1      | qw the Deep Elf Hunter began the quest for the Orb.
     0 | D:1      | Reached XP level 1. HP: 12/12 MP: 3/3
     0 | D:1      | 0 ||| qw: Version: 0.3-a-9-g12657ce
     0 | D:1      | 0 ||| qw: Game counter: 1879
     0 | D:1      | 0 ||| qw: Always use a shield: true
     0 | D:1      | 0 ||| qw: God list: Okawaru
     0 | D:1      | 0 ||| qw: Allow faded altars: false
     0 | D:1      | 0 ||| qw: Do Orc after D:15 true
     0 | D:1      | 0 ||| qw: Do second Lair branch before Depths: true
     0 | D:1      | 0 ||| qw: Lair rune preference: random
     0 | D:1      | 0 ||| qw: Plans: Normal
     0 | D:1      | 0 ||| PLANNING D:1-11
   134 | D:1      | Reached skill level 6 in Ranged Weapons
   134 | D:1      | Reached XP level 2. HP: 16/16 MP: 4/4
   359 | D:1      | 359 ||| UPGRADING to +0 ring mail.
   369 | D:1      | 369 ||| DROPPING +0 leather armour.
   370 | D:1      | 370 ||| READING scroll labelled ZUHUICRESAPT.
   371 | D:1      | 371 ||| DROPPING scroll of butterflies.
   393 | D:2      | Reached XP level 3. HP: 20/20 MP: 5/5
   562 | D:2      | Found a glowing silver altar of Zin.
   740 | D:2      | Found a faded altar of an unknown god.
   742 | D:2      | Noticed Natasha
   748 | D:2      | Killed Natasha
   749 | D:2      | Reached skill level 7 in Ranged Weapons
   903 | D:2      | Reached XP level 4. HP: 25/25 MP: 6/6
   973 | D:2      | 973 ||| UPGRADING to +6 ring of strength.
   974 | D:2      | 974 ||| READING scroll labelled JUOBUEFIAN.
   975 | D:2      | 975 ||| READING scroll labelled OJUKKI XORHEOFF.
   976 | D:2      | 976 ||| READING scroll labelled ACI DAYPIUC.
  1009 | D:3      | 1009 ||| PLANNING SEWER
  1092 | D:3      | Reached skill level 8 in Ranged Weapons
  1169 | D:3      | Found a glowing golden altar of the Shining One.
  1199 | D:3      | Reached XP level 5. HP: 29/29 MP: 7/7
  1295 | D:3      | Noticed a dream sheep
  1295 | D:3      | Noticed a dream sheep
  1295 | D:3      | Noticed a dream sheep
  1295 | D:3      | Noticed a dream sheep
  1295 | D:3      | Noticed a dream sheep
  1295 | D:3      | Found a shimmering altar of Xom.
  1296 | D:3      | Killed a dream sheep
  1297 | D:3      | Killed a dream sheep
  1298 | D:3      | Reached skill level 9 in Ranged Weapons
  1298 | D:3      | Killed a dream sheep
  1298 | D:3      | Killed a dream sheep
  1299 | D:3      | Killed a dream sheep
  1300 | D:3      | Reached XP level 6. HP: 35/35 MP: 8/8
  1324 | D:3      | Found a glowing drain.
  1325 | D:3      | 1325 ||| UPGRADING to +0 pair of gloves.
  1338 | Sewer    | Entered a sewer
  1431 | Sewer    | 1431 ||| Stepping ~*~*~tactically~*~*~ (water).
  1490 | Sewer    | 1490 ||| Stepping ~*~*~tactically~*~*~ (water).
  1512 | Sewer    | 1512 ||| Stepping ~*~*~tactically~*~*~ (water).
  1560 | Sewer    | Reached skill level 3 in Dodging
  1699 | Sewer    | 1699 ||| Stepping ~*~*~tactically~*~*~ (water).
  1701 | Sewer    | 1701 ||| Stepping ~*~*~tactically~*~*~ (water).
  1703 | Sewer    | 1703 ||| Stepping ~*~*~tactically~*~*~ (water).
  2111 | Sewer    | 2111 ||| READING scroll labelled HOMPEO WYOCOU.
  2134 | D:3      | 2134 ||| PLANNING D:1-11
  2185 | D:3      | Reached skill level 10 in Ranged Weapons
  2410 | D:3      | 2410 ||| FLEEEEING.
  2411 | D:3      | 2411 ||| FLEEEEING.
  2412 | D:3      | 2412 ||| FLEEEEING.
  2413 | D:3      | 2413 ||| FLEEEEING.
  2522 | D:3      | Found a burning altar of Makhleb.
  2531 | D:3      | Found a stormy altar of Qazlal.
  2543 | D:3      | Reached XP level 7. HP: 21/40 MP: 9/9
  2955 | D:4      | HP: 1/40 [centaur/arrow (13)]
  2956 | D:4      | 2956 ||| READING 3 scrolls of teleportation.
  2956 | D:4      | Shot with an arrow by a centaur

Levels and vault maps discovered:
D:1:      nicolae_arrival_memento_mori, layout_rooms
D:2:      layout_loops_ring, basic_altar,
          shapermc_ecumenical_altar_starsandcircs, uniq_natasha
D:3:      layout_loops_ring, nicolae_tso_besieged_by_evil,
          mainiacjoe_overflow_divided_tiny, kb_xom_exploding_sheep,
          portal_sewer_entry_d, minmay_hedge_maze, guppyfry_early_orc_mine
D:4:      layout_cave_pools, uniq_menkaure

Skill      XL: |  1  2  3  4  5  6 |
---------------+-------------------+-----
Ranged Weapons | 6 7 8 9 10 | 10.7
Fighting       | 2 |  2.0
Dodging        | 3 |  3.0
Stealth        | |  1.2

Action                     |  1- 3 |  4- 6 |  7- 9 || total
---------------------------+-------+-------+-------++-------
   Fire: Shortbow          |   101 |   307 |    10 ||   418
    Use: Scroll            |     1 |     4 |     1 ||     6
 Armour: Leather armour    |     6 |       |       ||     6
         Ring mail         |     5 |    66 |       ||    71
  Dodge: Dodged            |    24 |   118 |     5 ||   147

Table legend:
 A = Non-vault XP
 B = Vault XP
 C = Vault XP percentage of total XP
 D = Non-vault monster count
 E = Vault monster count
 F = Vault count percentage of total count
                 A         B        C        D         E       F
            +---------+---------+-------+---------+---------+-------
      Total |     472 |     272 |  36.6 |      65 |      51 |  44.0
            +---------+---------+-------+---------+---------+-------
        D:1 |      37 |       0 |   0.0 |      21 |       0 |   0.0
        D:2 |      32 |      35 |  52.2 |      11 |       1 |   8.3
        D:3 |     399 |      88 |  18.1 |      32 |      16 |  33.3
        D:4 |       4 |       0 |   0.0 |       1 |       0 |   0.0
      Sewer |       0 |     149 | 100.0 |       0 |      34 | 100.0
            +---------+---------+-------+---------+---------+-------
